 Dungeon Crawl Stone Soup version 0.25-a0-576-g50b708a4c4 (webtiles) character file.

Game seed: 4781841910574495214, levelgen mode: deterministic

1190 Flugslaktarn the Chopper (level 8, -2/73 HPs)
             Began as a Deep Dwarf Fighter on Mar 1, 2020.
             Was a Follower of Makhleb.
             Slain by an orc warrior
             ... wielding a +0 battleaxe
              (27 damage)
             ... on level 6 of the Dungeon.
             The game lasted 00:02:11 (3511 turns).

Flugslaktarn the Chopper (Deep Dwarf Fighter)       Turns: 3511, Time: 00:02:12

Health: -2/73      AC:  7    Str: 22      XL:     8   Next: 20%
Magic:  2/2        EV:  7    Int:  9      God:    Makhleb [*.....]
Gold:   180        SH:  9    Dex:  8 (12) Spells: 7/7 levels left

rFire    . . .     SeeInvis .   a - +0 war axe
rCold    . . .     Gourm    .   c - +0 kite shield
rNeg     . . .     Faith    .   b - +0 scale mail
rPois    .         Spirit   .   (no helmet)
rElec    .         Reflect  .   (no cloak)
rCorr    .         Harm     .   (no gloves)
MR       +....                  (no boots)
Stlth    ..........             (no amulet)
HPRegen  0.00/turn              (no ring)
MPRegen  0.08/turn              (no ring)

@: non-regenerating
A: damage resistance, heal wounds, sense surroundings 1, no regeneration
a: Heal Wounds, Renounce Religion


You were on level 6 of the Dungeon.
You worshipped Makhleb.
Makhleb was aware of your devotion.
You were not hungry.

You visited 2 branches of the dungeon, and saw 7 of its levels.

You collected 180 gold pieces.

Inventory:

Hand Weapons
 a - a +0 war axe (weapon)
Armour
 b - a +0 scale mail (worn)
 c - a +0 kite shield (worn)
Jewellery
 i - an uncursed ring of flight {unknown}
   (You found it on level 3 of the Dungeon)
 n - a cursed amulet of inaccuracy {unknown}
   (You found it on level 5 of the Dungeon)
Scrolls
 j - a scroll of teleportation {unknown}
 k - 5 scrolls of identify {unknown}
 m - a scroll of magic mapping {unknown}
 o - 6 scrolls of remove curse {unknown}
 p - 2 scrolls of amnesia {unknown}
 q - a scroll of fear {unknown}
Potions
 d - 2 potions of might
 g - a potion of flight {unknown}
 h - a potion of haste
 l - a potion of degeneration {unknown}
 r - a potion of heal wounds {unknown}
Comestibles
 e - 10 rations
 f - 2 chunks of flesh


   Skills:
 + Level 4.7 Fighting
 * Level 7.0 Axes
 + Level 5.7 Armour
 - Level 4.9 Shields
 + Level 3.6 Invocations


You had 7 spell levels left.
You didn't know any spells.
Your spell library was empty.

Dungeon Overview and Level Annotations

Branches:
Dungeon (6/15)             Temple (1/1) D:4

Altars:
Cheibriados
Elyvilon
Gozag
Kikubaaqudgha
Makhleb
Nemelex Xobeh
Qazlal
Ru
Sif Muna
Trog
Uskayaw
Vehumet
Wu Jian
Yredelemnul
Zin
The Shining One

Shops:
D:5 (


Innate Abilities, Weirdness & Mutations

You are resistant to damage.
You can heal yourself by infusing magical energy.
You passively map a small area around you.
You do not regenerate.


Message History

The orc warrior is severely wounded.
You closely miss the orc. You block the orc's attack. x2
The orc warrior barely misses you.
You closely miss the orc warrior.
The orc warrior is severely wounded.
You completely miss the orc. You block the orc's attack.
The orc closely misses you.
The orc warrior hits you with a +0 battleaxe!
The orc hits you but does no damage. You block the orc's attack.
You closely miss the orc warrior.
The orc warrior is severely wounded.
Your shield and scale mail prevent you from hitting the orc.
You block the orc's attack.
The orc warrior hits you with a +0 battleaxe!
The orc barely misses you.
You closely miss the orc warrior.
The orc warrior is severely wounded.
You closely miss the orc. You block the orc's attack. x2
The orc warrior hits you with a +0 battleaxe!!
You die...

, , * , , #§, *, , ##§ , * *
#.. , * *# ######.#, *. #..
#......# ,. ##### , ,
,#..#......# .# *...... , ,
, #.o.....###.# #...... * ,
..#o@...#... ....... ,
#..o#...#.#* #...... *
#...#...#...# #......
...#...#...#.# #......
,.#...#...#...# #...... ,
#...#...#...#.# #...... ,
..#...#...#...#####...... *
,..#...#...#...#............
.#...#...#...#....##########


You could see an orc warrior and 2 orcs.

Vanquished Creatures
  A black bear (D:6)
  An ice beast (D:6)
  A phantom (D:4)
  An ogre (D:3)
  A scorpion (D:5)
  2 howler monkeys (D:5)
  A crimson imp (D:5)
  A quasit (D:5)
  A hound (D:4)
  2 orc priests (D:4)
  Natasha (D:4)
  2 iguanas
  4 orc wizards
  3 worker ants
  A hound skeleton (D:4)
  A howler monkey skeleton (D:3)
  10 river rats (D:5)
  8 adders
  2 oozes
  An adder skeleton (D:6)
  4 worms
  2 leopard geckos
  19 orcs
  4 giant cockroaches
  5 goblins
  2 hobgoblins (D:2)
  14 jackals
  11 quokkas
  2 ball pythons (D:4)
  A bat (D:3)
  6 frilled lizards
  2 kobolds (D:3)
  11 rats
128 creatures vanquished.

Notes
Turn   | Place    | Note
-------+----------+-------------------------------------------
     0 | D:1      | Flugslaktarn the Deep Dwarf Fighter began the quest for the
                  | Orb.
     0 | D:1      | Reached XP level 1. HP: 20/20 MP: 1/1
    70 | D:2      | Reached XP level 2. HP: 21/27 MP: 2/2
    85 | D:2      | Reached skill level 3 in Axes
    85 | D:2      | Reached XP level 3. HP: 30/33 MP: 2/2
   212 | D:2      | Reached XP level 4. HP: 18/42 MP: 3/3
   309 | D:3      | Found a bloodstained altar of Trog.
   422 | D:3      | Noticed an ogre
   432 | D:3      | Killed an ogre
   432 | D:3      | Reached skill level 4 in Axes
   432 | D:3      | Reached XP level 5. HP: 30/49 MP: 4/4
  1256 | D:4      | Found a white marble altar of Elyvilon.
  1292 | D:4      | Reached XP level 6. HP: 32/57 MP: 4/4
  1490 | D:4      | Noticed Natasha
  1491 | D:4      | Reached skill level 5 in Axes
  1498 | D:4      | Killed Natasha
  1513 | D:4      | Found a staircase to the Ecumenical Temple.
  1525 | Temple   | Entered the Ecumenical Temple
  1743 | Temple   | Became a worshipper of Makhleb the Destroyer
  1814 | D:4      | Reached skill level 1 in Invocations
  1940 | D:4      | Reached XP level 7. HP: 64/64 MP: 3/3
  2008 | D:4      | Reached skill level 5 in Armour
  2136 | D:5      | Entered Level 5 of the Dungeon
  2137 | D:5      | Found Syxza's Antique Weapon Emporium.
  2841 | D:5      | Reached * piety under Makhleb
  2857 | D:5      | Reached skill level 6 in Axes
  3285 | D:6      | Reached XP level 8. HP: 29/73 MP: 6/6
  3462 | D:6      | Reached skill level 7 in Axes
  3502 | D:6      | HP: 2/73 [orc warrior/+0 battleaxe (16)]
  3511 | D:6      | Slain by an orc warrior

Levels and vault maps discovered:
D:1:      dpeg_arrival_leaves_temple_mockup, layout_basic
D:2:      layout_basic, serial_glass, glass_columns_c, glass_columns_a,
          minmay_strange_pillars, first_ration, uniq_robin
D:3:      layout_loops_corners, nicolae_overflow_crystal_walls
D:4:      layout_gridville, minmay_temple_entry_offerings, elyvilon_altar_3,
          uniq_natasha
D:5:      lemuel_ratsnest, layout_layer_cave, serial_shops,
          nicolae_shop_crystal, skrybe_limestone_x
D:6:      layout_basic, grunt_dithmenos_smoke_and_mirrors, hex_large,
          uniq_eustachio
Temple:   eino_temple_water

Skill      XL: |  1  2  3  4  5  6  7  8 |
---------------+-------------------------+-----
Axes           | 3 4 5 6 7 |  7.0
Fighting       | 3 4 |  4.7
Armour         | 4 5 |  5.7
Shields        | 4 |  4.9
Invocations    | 1 3 |  3.6

Action                   |  1- 3 |  4- 6 |  7- 9 || total
-------------------------+-------+-------+-------++-------
Melee: War axe           |    64 |   172 |   225 ||   461
 Abil: Heal Wounds       |     1 |     9 |    14 ||    24
  Eat: Chunk             |       |     4 |     5 ||     9
Armor: Scale mail        |    34 |    83 |   105 ||   222
Dodge: Dodged            |    25 |    58 |    97 ||   180
Block: Kite shield       |    28 |   109 |   163 ||   300

Table legend:
 A = Non-vault XP
 B = Vault XP
 C = Vault XP percentage of total XP
 D = Non-vault monster count
 E = Vault monster count
 F = Vault count percentage of total count
                 A         B        C        D         E       F
            +---------+---------+-------+---------+---------+-------
      Total |    1414 |     287 |  16.9 |     100 |      28 |  21.9
            +---------+---------+-------+---------+---------+-------
        D:1 |       3 |       0 |   0.0 |       2 |       0 |   0.0
        D:2 |     101 |       0 |   0.0 |      25 |       0 |   0.0
        D:3 |     194 |       0 |   0.0 |      21 |       0 |   0.0
        D:4 |     522 |      37 |   6.6 |      34 |       1 |   2.9
        D:5 |     225 |     250 |  52.6 |      11 |      27 |  71.1
        D:6 |     369 |       0 |   0.0 |       7 |       0 |   0.0
            +---------+---------+-------+---------+---------+-------
